 Dungeon Crawl Stone Soup version 0.27.1-4-g1640c2035a (webtiles) character file.

Game seed: 4507390157235102668

23 BargainHunt the Skirmisher (level 2, -8/40 HPs)
             Began as a Minotaur Berserker on Nov 17, 2021.
             Was a Follower of Trog.
             Mangled by a gnoll (12 damage)
             ... on level 2 of the Dungeon.
             The game lasted 00:03:12 (878 turns).

BargainHunt the Skirmisher (Minotaur Berserker)      Turns: 878, Time: 00:03:12

Health: -8/40      AC:  2    Str: 21    XL:     2   Next: 75%
Magic:  1/1        EV: 12    Int:  4    God:    Trog [*.....]
Gold:   35         SH:  0    Dex:  9    Spells: 1/1 levels left

rFire    x . .     SeeInvis .   a - +0 falchion
rCold    + . .     Faith    .   (no shield)
rNeg     . . .     Spirit   .   b - +0 animal skin
rPois    .         Reflect  .   (helmet restricted)
rElec    .         Harm     .   (no cloak)
rCorr    .         Rampage  .   (no gloves)
Will     .....                  (no boots)
Stlth    ..........             (no amulet)
HPRegen  0.13/turn              g - ring of ice
MPRegen  0.07/turn              (no ring)

@: berserking, very quick
A: horns 2, retaliatory headbutt
a: Renounce Religion, Berserk


You were on level 2 of the Dungeon.
You worshipped Trog.
Trog was aware of your devotion.
You visited 1 branch of the dungeon, and saw 2 of its levels.

You collected 35 gold pieces.

Inventory:

Hand Weapons
 a - a +0 falchion (weapon)
Missiles
 c - 19 bolts
 d - 11 poisoned darts (quivered)
Armour
 b - a +0 animal skin (worn)
Jewellery
 g - a ring of ice (left hand)
Potions
 e - a potion of curing {unknown}
 f - a potion of lignification {unknown}


   Skills:
 + Level 4.2 Fighting
 + Level 4.0 Long Blades
 + Level 2.7 Armour
 + Level 2.4 Dodging


You had one spell level left.
You didn't know any spells.
Your spell library was empty.

Dungeon Overview and Level Annotations

Branches:
Dungeon (2/15)

Altars:


Innate Abilities, Weirdness & Mutations

You have a pair of horns on your head.
You reflexively headbutt those who attack you in melee.


Message History

Found 6 gold pieces.
You now have 35 gold pieces (gained 6).
There is a dry fountain here.
You open the door.
There is an open door here.
There is an open door here.
There is a dry fountain here.
Things that are here:
a +0 dagger; 5 stones
There is a dry fountain here.
There is a stone staircase leading down here.
Done exploring.
There is a stone staircase leading down here.
You climb downwards.
The gnoll shouts!
You hear a shout! x2; The gnoll shouts!
You hear an angry hiss.
Found a stone staircase leading down.
There is a stone staircase leading up here.
A bat, a ball python and a gnoll come into view.
Found an escape hatch in the ceiling.
The gnoll shouts!
The gnoll closely misses you.
A gnoll comes into view. It is wielding a +0 whip.
The gnoll closely misses you. The gnoll barely misses you.
The gnoll hits you from afar with a +0 halberd!
A red film seems to cover your vision as you go berserk!
You feel yourself moving faster!
You feel mighty! The gnoll closely misses you. The gnoll barely misses you.
The gnoll hits you from afar with a +0 halberd!
* * * LOW HITPOINT WARNING * * *
A giant cockroach comes into view.
You feel a strong urge to attack something.
The gnoll hits you with a +0 spear.
* * * LOW HITPOINT WARNING * * *
The gnoll barely misses you.
You hit the gnoll.
The gnoll is moderately wounded.
The gnoll hits you with a +0 halberd!
You die...

#.# #.# #.#
#.# #.#
##.#####..
#.........
#<.# ##@#
.....gggg..#
......#b##.#
......... ..
..... <..
..#
.....+.>..
.# ....
#.... # ....
#.^...


You could see 4 gnolls and a bat.

Vanquished Creatures
  A dart slug (D:1)
  3 endoplasms (D:1)
  A giant cockroach (D:1)
  A hobgoblin (D:1)
  3 quokkas (D:1)
  4 bats (D:1)
  3 frilled lizards (D:1)
  A goblin (D:1)
  2 kobolds (D:1)
  2 rats (D:1)
21 creatures vanquished.

Notes
Turn   | Place    | Note
-------+----------+-------------------------------------------
     0 | D:1      | BargainHunt the Minotaur Berserker began the quest for the
                  | Orb.
     0 | D:1      | Reached XP level 1. HP: 19/19 MP: 0/0
   122 | D:1      | Found a faded altar of an unknown god.
   218 | D:1      | Reached XP level 2. HP: 20/27 MP: 1/1
   878 | D:2      | Mangled by a gnoll

Illustrated notes

Levels and vault maps discovered:
D:1:      wander_arrival_desolate, layout_basic,
          hellmonk_ecumenical_altar_run_dry
D:2:      layout_basic, minmay_octomino_j4, uniq_jessica

Skill      XL: |  1  2 |
---------------+-------+-----
Fighting       | 4 |  4.2
Long Blades    | 4 |  4.0
Armour         | |  2.7
Dodging        | |  2.4

Action                   || total
-------------------------++-------
Melee: Falchion          ||    35
       Headbutt          ||     5
Invok: Berserk           ||     1
 Stab: Sleeping          ||     1
Armor: Animal skin       ||     9
Dodge: Dodged            ||    41
       Rpst.: Falchion   ||     7
